[Event "FIDE WSTC Open 50 2025"]
[Site "Prague"]
[Date "2025.02.17"]
[Round "1.6"]
[White "Mazanek, Kamil"]
[Black "Wells, Peter K"]
[Result "0-1"]
[Annotator "TA"]
[ECO "B22"]
[WhiteElo "2099"]
[BlackElo "2358"]
[PlyCount "88"]
[EventDate "2025.02.17"]
[EventType "team-tourn"]
[EventCountry "CZE"]
[SourceTitle "playchess.com"]
[Source "ChessBase"]
[SourceQuality "1"]
[TimeControl "40/5400+30:1800+30"]

1. e4 c5 2. c3 Nf6 3. e5 Nd5 4. d4 cxd4 5. Nf3 d6 6. cxd4 dxe5 7. dxe5 Nc6 8. Bc4 Ndb4 9. Qxd8+ {[%emt 0:18:02] 9.0-0 is setting a new trend. B22: Sicilian: 2 c3.} Nxd8 10. Na3 {[%emt 0:03:20] Repels Nc2+} a6 {[%emt 0:06:22] Prevents Nb5. Black is weak on the dark squares} 11. Bd2 {[%emt 0:03:50] The position is equal.} e6 12. O-O Ndc6 13. Rfd1 Bd7 14. Be3 $146 (14. Rac1 Be7 15. Be3 Rc8 16. Bb3 Na5 17. Rxc8+ Bxc8 18. Ba4+ b5 19. Nxb5 axb5 20. Bxb5+ {0-1 Lucchi,L (2084)-Czerw,D (2373) EU-ch Blitz Katowice 2022 (7)}) 14... b5 15. Bb3 Na5 16. Rac1 Nxb3 17. axb3 Nd5 18. Bc5 Bxc5 19. Rxc5 Ke7 20. Nd4 Rhc8 21. Rdc1 {[%emt 0:00:45] Black keeps a firm grip on the game.} (21. Rc2 $15) 21... Rxc5 $17 22. Rxc5 Nf4 23. Nac2 Nd3 {[%emt 0:01:33][%csl LRb2,LRc5] Inhibits Nb4.} 24. Rc7 Kd8 25. Rc3 Nxe5 26. f4 Ng6 27. g3 Ne7 28. Nb4 a5 29. Nd3 Nd5 30. Rc5 (30. Rc1 $142) 30... Rc8 31. Rxc8+ Kxc8 {[%emt 0:00:05][%mdl 4096] Endgame KBN-KNN. Black is a pawn up.} 32. Ne5 Be8 33. Kf2 Kc7 34. Ke2 Kd6 35. Kd3 (35. Nd3 $142) 35... f6 36. Nef3 Nb4+ 37. Kc3 Kd5 {[%emt 0:00:33] Strongly threatening ...Na2+.} 38. Nd2 $2 {[%emt 0:00:26] [#]} (38. f5 e5 39. Ne6) 38... e5 39. Nf5 (39. Ne2) 39... Na2+ $19 {[%emt 0:00:08] Black is clearly winning.} 40. Kd3 Bg6 41. g4 exf4 42. Ke2 Bxf5 43. gxf5 Ke5 44. Nf3+ Ke4 {[%emt 0:00:29] Weighted Error Value: White=0.37/Black=0.08 (flawless)   Mistake:       	White=5     	---        Inaccurate:     	White=2     	---        OK:         	White=10    	Black=12     Best:        	---       	Black=3} 0-1

[Event "FIDE WSTC Open 50 2025"]
[Site "Prague"]
[Date "2025.02.17"]
[Round "1.7"]
[White "Hebden, Mark L"]
[Black "Nudcenko, Karel"]
[Result "1-0"]
[Annotator "TA"]
[ECO "A45"]
[WhiteElo "2363"]
[BlackElo "1990"]
[PlyCount "79"]
[EventDate "2025.02.17"]
[EventType "team-tourn"]
[EventCountry "CZE"]
[SourceTitle "playchess.com"]
[Source "ChessBase"]
[SourceQuality "1"]
[TimeControl "40/5400+30:1800+30"]

1. d4 Nf6 2. Bg5 d5 3. e3 Nbd7 4. Nf3 e6 5. Nbd2 Be7 6. Bd3 c5 7. c3 b6 8. Ne5 Nxe5 9. dxe5 Nd7 10. Bxe7 Qxe7 11. f4 {[%emt 0:00:13] D03: 1 d4 d5 2 Nf3 Nf6 3 Bg5, including Torre Attack with early ...d5.} Bb7 12. Qe2 f6 13. exf6 {[%emt 0:00:16] White has an edge.} gxf6 14. e4 O-O-O 15. exd5 Bxd5 16. O-O-O Rhg8 17. Be4 {[%emt 0:00:40] [#]} Nf8 18. Bxd5 Rxd5 19. Nc4 $146 (19. Rhe1 Rg7 20. g3 Qd8 21. c4 Rd4 22. Nf3 Rxd1+ 23. Rxd1 Rd7 24. Re1 Qc7 25. Qe4 {½-½ Hebden,M (2460)-Bremner,A (2223) BCF-chT1c 1718 (4NCL) Promotion pool 2017 (11.43)}) 19... Rg7 (19... Ng6 $1 $14) 20. g3 Qd8 21. Ne3 Rxd1+ 22. Rxd1 ({Reject} 22. Nxd1 Qd5 23. Re1 (23. Qa6+ Kd8 $11) 23... Qxa2 $14) 22... Rd7 23. Re1 Rd6 24. Qh5 Qd7 25. Qh4 Qd8 26. f5 exf5 27. Nxf5 Rd7 28. Qe4 $36 {[%emt 0:03:54][%mdl 2048] White has strong initiative. White is much more active.} Kb8 {[%emt 0:00:56] Dodges Qa8+} (28... Kc7 $16) 29. Ne7 $18 {[%emt 0:00:45] [#]} Kc7 (29... f5 {was necessary.}) 30. Qc6+ Kb8 31. Qxf6 Kb7 {[%emt 0:02:58] Against Nc6} 32. Qc6+ Ka6 33. Qe4 Rd6 34. a4 (34. Qc4+ Kb7 35. Qe4+ Ka6 36. Qe2+ Kb7 37. Qf3+ Ka6) 34... Ng6 35. Nxg6 hxg6 36. h4 {[%emt 0:01:05] and Qc4+ should not be overlooked} Qf6 37. Qe2+ Kb7 38. Rf1 Qg7 (38... Qe6 39. Qxe6 Rxe6) 39. Qe4+ Kc7 40. Qa8 {[%emt 0:01:14] Weighted Error Value: White=0.06 (flawless) /Black=0.47  Mistake:       	---       	Black=4      Inaccurate:     	White=1     	Black=2      OK:         	White=16    	Black=9      Best:        	White=3     	Black=2} 1-0

[Event "FIDE WSTC Open 50 2025"]
[Site "Prague"]
[Date "2025.02.17"]
[Round "1.8"]
[White "Koblasa, Josef"]
[Black "Emms, John M"]
[Result "0-1"]
[Annotator "TA"]
[ECO "A13"]
[WhiteElo "1906"]
[BlackElo "2409"]
[PlyCount "74"]
[EventDate "2025.02.17"]
[EventType "team-tourn"]
[EventCountry "CZE"]
[SourceTitle "playchess.com"]
[Source "ChessBase"]
[SourceQuality "1"]
[TimeControl "40/5400+30:1800+30"]

1. c4 e6 2. Nc3 d5 3. e3 Nf6 4. d4 a6 5. a3 dxc4 6. Bxc4 {[%emt 0:00:41] D35: Queen's Gambit Declined: Exchange Variation.} c5 7. dxc5 {[%emt 0:03:25] And now Qxd8+ would win.} Qxd1+ 8. Nxd1 {[%emt 0:04:25] The position is equal.} Bxc5 9. b4 Bd6 10. Nf3 b5 11. Bb3 $146 (11. Be2 Bb7 12. O-O Nbd7 13. Nb2 Ne4 14. Nd4 Rc8 15. Nd3 Nb6 16. Bb2 Ke7 17. Rac1 {0-1 Schmidt,R-Ortz,J DESC O2011 Rd01 Gr.10 email (1)}) 11... Bb7 12. Bb2 Nbd7 13. O-O Ke7 14. Re1 Rac8 15. Rc1 {[%emt 0:04:56] Black continues to play with concentration.} (15. Re2 $15) 15... Rxc1 $17 16. Bxc1 {[%emt 0:00:06] [#]} Bxf3 $1 17. gxf3 {[%emt 0:00:24] [#]} Ne5 $1 {[%emt 0:00:18] Black is more active.} 18. Kg2 (18. Re2 $17) 18... Nd3 $1 $19 19. Bd2 Nxe1+ 20. Bxe1 Rc8 21. Bc3 Nd5 22. Bb2 g5 23. h3 f6 24. Kf1 Be5 25. Bxe5 fxe5 {[%emt 0:00:07][%mdl 4096] Endgame KRN-KBN} 26. Ke1 Nc3 27. Nb2 e4 28. fxe4 Nxe4 {[%emt 0:00:20] aiming for ...Rc3.} 29. a4 Rc1+ 30. Nd1 bxa4 31. Bxa4 Rc4 32. f3 Rxb4 33. Bc2 Nf6 34. Bd3 a5 35. Nc3 Nd5 36. Nd1 a4 {[%emt 0:01:25] ( -> ...a3)} 37. e4 {[%emt 0:00:56] [#]} a3 $1 {[%emt 0:01:22] Weighted Error Value: White=0.75/Black=0.01 (flawless)   Mistake:       	White=2     	---        Inaccurate:     	White=1     	---        OK:         	White=5     	Black=12     Best:        	---       	Black=2      Strong:       	---       	Black=2} 0-1

[Event "FIDE WSTC Open 50 2025"]
[Site "Prague"]
[Date "2025.02.17"]
[Round "1.9"]
[White "Lauterbach, Ingrid"]
[Black "Hjartarson, Johann"]
[Result "0-1"]
[Annotator "TA"]
[ECO "B40"]
[WhiteElo "2003"]
[BlackElo "2464"]
[PlyCount "78"]
[EventDate "2025.02.17"]
[EventType "team-tourn"]
[EventCountry "CZE"]
[SourceTitle "playchess.com"]
[Source "ChessBase"]
[SourceQuality "1"]
[TimeControl "40/5400+30:1800+30"]

1. e4 c5 2. Nf3 e6 3. g3 Nc6 4. Bg2 Nf6 5. d3 d5 6. Nbd2 Be7 7. O-O b6 8. Re1 Bb7 9. c3 h6 10. Qc2 O-O 11. exd5 {[%emt 0:06:09] C00: French: Unusual White 2nd moves.} Nxd5 $146 ({Predecessor:} 11... exd5) 12. Nf1 Qc7 13. Ne3 {[%emt 0:00:59] Black has an edge.} Nf6 14. Nc4 Rad8 15. Bf4 Qc8 16. h3 b5 17. Nce5 Qa8 18. Nxc6 Bxc6 19. Qe2 Rfe8 20. Red1 Bf8 21. Ne1 e5 22. Bxc6 Qxc6 23. Be3 (23. Bxe5 $2 Nd7 24. f4 f6 $19) 23... a6 {[%emt 0:00:57] Black is more active.} 24. Qf3 Qe6 25. Kh2 Rd7 26. a4 Red8 27. axb5 axb5 28. Qe2 Nd5 29. Bd2 Nc7 30. Be3 Qd5 31. f3 Ne6 32. Kg2 h5 33. Bf2 {[%emt 0:04:07] [#]} (33. h4) 33... h4 $1 $17 34. Qe4 (34. Kg1 hxg3) 34... c4 (34... hxg3 $19 35. Bxg3 f6 36. Qxd5 Rxd5) 35. Qxh4 $15 cxd3 {[%emt 0:05:19] White must now prevent ...d2.} 36. Rxd3 {[%emt 0:01:23] [#]} ({White should try} 36. Rd2 $1 $15) 36... Qb3 $1 $36 {[%emt 0:00:47][%csl LRb2,LRd3][%mdl 2048] White is under strong pressure.} 37. Rxd7 (37. Rad1 $17 Qxd1 38. Rxd1 Rxd1 39. b4) 37... Rxd7 $19 {[%emt 0:00:08] Black is winning.} 38. Qe4 {[%emt 0:00:49] [#]} Rd2 ({Not} 38... Qxb2 39. Rb1 Qd2 (39... Qxc3 40. Rxb5 Rd2 41. Rd5 $17) 40. Kf1 $17 (40. Rxb5 Bc5 $17)) 39. Nd3 Qc2 {[%emt 0:00:28] Weighted Error Value: White=0.27 (precise) /Black=0.11 (very precise)   Loses game:     	White=1     	---        Mistake:       	White=2     	Black=1      Inaccurate:     	White=3     	Black=3      OK:         	White=10    	Black=11     Best:        	---       	Black=1      Strong:       	---       	Black=1} 0-1

[Event "FIDE WSTC Open 50 2025"]
[Site "Prague"]
[Date "2025.02.17"]
[Round "1.10"]
[White "Petursson, Margeir"]
[Black "Jackson, Sheila"]
[Result "1-0"]
[Annotator "TA"]
[ECO "A11"]
[WhiteElo "2403"]
[BlackElo "2009"]
[PlyCount "85"]
[EventDate "2025.02.17"]
[EventType "team-tourn"]
[EventCountry "CZE"]
[SourceTitle "playchess.com"]
[Source "ChessBase"]
[SourceQuality "1"]
[TimeControl "40/5400+30:1800+30"]

1. c4 c6 2. Nf3 Nf6 3. Nc3 d5 4. e3 e6 5. b3 Bd6 6. Bb2 O-O 7. Be2 Qe7 8. O-O Nbd7 9. Qc2 a6 10. d4 e5 11. dxe5 Nxe5 12. cxd5 cxd5 13. Rad1 Be6 14. Nd4 g6 {[%emt 0:00:57] Against Nf5} 15. Qd2 {[%emt 0:11:11] White is slightly better.} Rad8 16. Nxe6 fxe6 17. Qd4 Nc6 18. Qa4 (18. Qh4 $11) 18... Rc8 (18... g5 $15) 19. a3 Nd7 {[%emt 0:05:34][%cal Od5d4] And now ...d4! would win.} 20. Qg4 {[%emt 0:03:05] White is weak on the dark squares} Rf5 (20... Rfe8 $11) 21. Qh3 $14 Rf7 (21... Bxa3 $2 22. Bxa3 Qxa3 23. e4 $18) 22. Bg4 $1 Re8 {[%emt 0:00:33] [#]} 23. Rxd5 $1 Nf6 (23... exd5 $6 24. Nxd5 Bxh2+ 25. Qxh2 $16) (23... h5 24. Bxh5) 24. Rdd1 Ne5 25. Be2 $36 {[%emt 0:00:42][%mdl 2048] White is really pushing. This pair of bishops is nice.} Bxa3 26. Ba1 Ned7 27. Bd3 Nc5 28. Bc2 Ncd7 29. Ne2 (29. Ne4 Rff8 30. Ng5 Rc8 $16) 29... Bd6 30. Nd4 {[%emt 0:02:11] White is more active.} (30. Nf4 {feels hotter.} Nf8 31. Qh4 Rc8 32. Bb1) 30... Ne5 {[%emt 0:02:56] [#]} 31. b4 $1 {[%emt 0:00:59][%mdl 512] Threatens to win with Bb3.} b5 32. Rb1 Nc4 33. Bb3 (33. Nc6 Qc7 34. Nd4 Nd2 $14) ({White should try} 33. Rfd1 $16) 33... Nd5 (33... Ne4 $1 $11) 34. Rfd1 (34. Nf3 $16) 34... Nxb4 (34... Bxb4 $11 35. Rbc1 Qd6) 35. Qg4 $16 Bc5 (35... e5 $16) 36. h4 (36. Bxc4 $1 $18 {and White stays clearly on top.} bxc4 37. Nf3) 36... Qf6 {[%emt 0:00:56] [#]} 37. Nf3 (37. Qe2 $1 $16) 37... Qf5 $14 38. Qg3 (38. Qxf5 $1 $14 Rxf5 39. Bxc4 bxc4 40. Rdc1) 38... Nd5 (38... Bd6 $11 {remains equal.} 39. Qg5 Nd5) 39. Rbc1 {[%emt 0:01:20] [#]} (39. Bxc4 $16 bxc4 40. Ne5) 39... Bxe3 $2 {[%emt 0:00:16][%mdl 8192] Black cannot hold the game after this.} 40. fxe3 $18 Ncxe3 41. Re1 Ref8 $2 (41... Qf4 42. Qf2 Nc4) 42. Qe5 Qxe5 43. Nxe5 {[%emt 0:00:00] Weighted Error Value: White=0.39/Black=0.61  Loses game:     	---       	Black=1      Mistake:       	White=7     	Black=7      Inaccurate:     	White=4     	Black=5      OK:         	White=10    	Black=5      Best:        	White=1     	Black=4      Strong:       	White=1     	---        Brilliant:      	White=1     	---} ({Less strong is} 43. Bxe5 Nxg2 44. Kxg2 Rxf3 45. Bxd5 exd5 $16) 1-0

[Event "FIDE WSTC Open 50 2025"]
[Site "Prague"]
[Date "2025.02.17"]
[Round "1.11"]
[White "Fink-Nunn, Petra"]
[Black "Thorhallsson, Throstur"]
[Result "1/2-1/2"]
[Annotator "TA"]
[ECO "B57"]
[WhiteElo "2003"]
[BlackElo "2394"]
[PlyCount "77"]
[EventDate "2025.02.17"]
[EventType "team-tourn"]
[EventCountry "CZE"]
[SourceTitle "playchess.com"]
[Source "ChessBase"]
[SourceQuality "1"]
[TimeControl "40/5400+30:1800+30"]

1. e4 c5 2. Nf3 Nc6 3. d4 cxd4 4. Nxd4 Nf6 5. Nc3 d6 6. Bc4 Qb6 7. Nxc6 bxc6 8. b3 g6 9. O-O Bg7 {[%emt 0:00:16] B57: Classical Sicilian: Sozin with 6...Qb6.} 10. Na4 Qc7 11. Bb2 O-O 12. Re1 e5 13. Bf1 Be6 $146 ({Predecessor:} 13... d5 14. exd5 Nxd5 15. g3 Bf5 16. Qe2 Rfe8 17. Bg2 h5 18. Qc4 Rac8 19. Qe2 h4 {0-1 Zak,U (2363)-Paragua,M (2534) Calvia op 1st 2004 (7)}) 14. c4 Rad8 15. Qd2 Nh5 16. Nc3 f5 17. Rad1 Rfe8 18. Ba3 Bf8 19. Qc2 Nf6 20. exf5 Bxf5 21. Qe2 Qa5 22. Qb2 d5 23. Bxf8 Kxf8 24. cxd5 cxd5 25. b4 Qb6 26. Na4 Qb8 27. f4 d4 28. Nc5 Kg7 29. fxe5 Rxe5 30. Rxe5 Qxe5 31. Qe2 Ng4 {[%emt 0:03:09][%csl Gg4][%cal Re5h2] [#]} 32. Qxe5+ Nxe5 33. Bd3 Nxd3 34. Nxd3 $15 {[%emt 0:00:01] KRB-KRN} Kf6 35. Kf2 (35. Nc5 $15) 35... Bxd3 ({Black should play} 35... Ke6 $17 {Threatens to win with ...Kd5.} 36. Nc5+ Ke5) 36. Rxd3 $11 {[%emt 0:00:01] The position is equal.} Ke5 37. Ke2 Ke4 38. Rh3 Rc8 39. Ke1 {Weighted Error Value: White=0.09 (flawless) /Black=0.11 (very precise)   Mistake:       	White=1     	Black=1      Inaccurate:     	White=4     	Black=2      OK:         	White=15    	Black=12} ({Don't play} 39. Rxh7 Rc2+ 40. Ke1 Rxa2 $15) 1/2-1/2

[Event "FIDE WSTC Open 50 2025"]
[Site "Prague"]
[Date "2025.02.17"]
[Round "1.12"]
[White "Arnason, Jon L"]
[Black "Frostick, Helen M"]
[Result "1-0"]
[Annotator "TA"]
[ECO "B18"]
[WhiteElo "2405"]
[BlackElo "1880"]
[PlyCount "53"]
[EventDate "2025.02.17"]
[EventType "team-tourn"]
[EventCountry "CZE"]
[SourceTitle "playchess.com"]
[Source "ChessBase"]
[SourceQuality "1"]
[TimeControl "40/5400+30:1800+30"]

1. e4 c6 2. d4 d5 3. Nd2 dxe4 4. Nxe4 Bf5 5. Ng3 Bg6 6. h4 h6 7. Be3 {[%emt 0:02:37] B18: Classical Caro-Kann: 4...Bf5 sidelines.} e6 8. Bd3 Bxd3 9. Qxd3 {[%emt 0:00:05] The position is equal.} Nd7 10. O-O-O $146 (10. Nf3 Bd6 11. Ne2 Ngf6 12. O-O-O Qc7 13. Nc3 Ng4 14. Ne4 Be7 15. Bd2 f5 16. Rdf1 fxe4 17. Qxe4 Ngf6 18. Qg6+ Kf8 19. g4 Qd8 20. Rfg1 {0-1 Kozlowska,M-Mikulewicz,J POL-ch U12 Girls 1998}) 10... Ngf6 11. N1e2 Qa5 12. Kb1 Rd8 13. c4 b5 14. Qc2 bxc4 15. Qxc4 Qb5 (15... Rc8 $15) 16. Rc1 $14 Rb8 {[%emt 0:10:48][%csl Gb8][%cal Rb5b2] [#]} 17. Rc2 {[%emt 0:12:00] Successful Defense White} (17. Qxc6 $2 Qxb2#) 17... Ba3 18. Qxb5 Rxb5 19. Ka1 ({Don't play} 19. Rxc6 Rxb2+ 20. Ka1 Rb8 $15) 19... Bb4 20. Rxc6 {[%emt 0:00:55] [#] and Rc8+ would now be decisive} O-O 21. Rhc1 Nd5 22. Ne4 Nxe3 23. fxe3 Nb6 24. a3 {[%emt 0:15:12] White is more active.} Be7 25. g3 Nd5 {[%emt 0:00:15][%cal Ob5b7] Inhibits Rc7.} 26. N2c3 a5 $2 27. Nxb5 {[%emt 0:00:06] Weighted Error Value: White=0.10 (very precise) /Black=0.47  Loses game:     	---       	Black=1      Mistake:       	---       	Black=1      Inaccurate:     	White=1     	Black=2      OK:         	White=11    	Black=7      Best:        	White=1     	---} 1-0

[Event "FIDE WSTC Open 50 2025"]
[Site "Prague"]
[Date "2025.02.17"]
[Round "1.14"]
[White "Gardela Batlle, Jordi"]
[Black "Bellini, Fabio"]
[Result "1/2-1/2"]
[Annotator "TA"]
[ECO "D50"]
[WhiteElo "2035"]
[BlackElo "2408"]
[PlyCount "79"]
[EventDate "2025.02.17"]
[EventType "team-tourn"]
[EventCountry "CZE"]
[SourceTitle "playchess.com"]
[Source "ChessBase"]
[SourceQuality "1"]
[TimeControl "40/5400+30:1800+30"]

1. d4 d5 2. c4 e6 3. Nc3 Nf6 4. Bg5 dxc4 5. e3 c5 6. Bxc4 {[%emt 0:07:02] D50: Queen's Gambit Declined: Dutch-Peruvian Gambit.} a6 7. Nf3 b5 8. Be2 {[%emt 0:03:28] White has an edge.} (8. Nxb5 $2 axb5 9. Bxb5+ Bd7 10. Bxd7+ Nbxd7 $17 (10... Qxd7 11. Bxf6 gxf6 12. O-O $17)) 8... Bb7 9. O-O Nbd7 10. Qb3 Rc8 11. a3 h6 12. Bh4 Qb6 $146 (12... Bd6 $5) (12... Bd6 13. Rfd1 Qc7 14. Bg3 Bxg3 15. hxg3 O-O 16. Rac1 Rfd8 17. dxc5 Nxc5 {½-½ Postny,E (2557)-Hovhannisyan,R (2622) EU-chT 23rd Terme Catez 2021 (3.6)}) 13. Rfd1 cxd4 14. Rxd4 Bc5 15. Rd2 {[%emt 0:02:23] A sharp opening} Be7 16. Qd1 Nc5 17. b4 (17. Rc1 $11) 17... Nce4 $15 18. Nxe4 Nxe4 19. Rc2 Nc3 20. Qd2 Bxh4 21. Rxc3 Rxc3 22. Qxc3 Bf6 {[%emt 0:00:12] This pair of bishops is nice.} 23. Nd4 O-O 24. Rd1 Rc8 25. Qe1 g6 26. h3 Kg7 27. Bf3 {[%emt 0:00:40] [#]} (27. Nb3 $15) 27... Bxf3 $1 $17 28. gxf3 Rc4 ({Better is} 28... Qb7 $17 29. Kg2 Qd5) 29. Nb3 ({White should play} 29. Ne2 $15) 29... Rc3 30. Nc5 Rxa3 {[%emt 0:01:42][%csl Ob4,Oh3] White has weak pawns} 31. Ne4 {[%emt 0:00:49] Prevents Bc3.} Be5 32. Kg2 Ra2 33. Rd7 {[%emt 0:00:18] Repels Qc7} Qc6 {[%emt 0:03:08] Repels Qc1} 34. Qd1 {[%emt 0:00:01] [#]} (34. Nc5 $1 $15) 34... g5 (34... a5 $1 $17 {and ...Ra1 should not be overlooked} 35. bxa5 Rxa5) 35. Qd3 (35. Re7 $1 $11) 35... Qc4 (35... Ra4 $17 36. Qd2 Qc4) 36. Rxf7+ $1 $11 {[%emt 0:00:29] The position is equal.} Kxf7 37. Qd7+ Kg8 38. Qe8+ Kg7 39. Qe7+ Kg8 40. Qe8+ {[%emt 0:00:03] Weighted Error Value: White=0.17 (very precise) /Black=0.14 (very precise)   Mistake:       	White=5     	Black=3      Inaccurate:     	---       	Black=3      OK:         	White=14    	Black=10     Best:        	White=1     	Black=3      Strong:       	White=1     	Black=1} 1/2-1/2

[Event "FIDE WSTC Open 50 2025"]
[Site "Prague"]
[Date "2025.02.17"]
[Round "1.15"]
[White "Bellia, Fabrizio"]
[Black "Tornay Gomez, Josu"]
[Result "1-0"]
[Annotator "TA"]
[ECO "C78"]
[WhiteElo "2393"]
[BlackElo "1995"]
[PlyCount "79"]
[EventDate "2025.02.17"]
[EventType "team-tourn"]
[EventCountry "CZE"]
[SourceTitle "playchess.com"]
[Source "ChessBase"]
[SourceQuality "1"]
[TimeControl "40/5400+30:1800+30"]

1. e4 e5 2. Nf3 Nc6 3. Bb5 a6 4. Ba4 Nf6 5. O-O Bc5 6. c3 b5 7. Bb3 d6 8. d4 Bb6 9. h3 O-O 10. Re1 Bb7 11. a4 h6 12. Be3 {[%emt 0:10:18] is now debated instead of 12.d5. C78: Ruy Lopez: Archangelsk and Möller Defences.} Nxe4 $146 (12... exd4 $11 13. cxd4 Na5) ({Predecessor:} 12... exd4 13. cxd4 Nb4 14. Qd2 a5 15. Bxh6 Nxe4 16. Rxe4 Bxe4 17. Bg5 Qd7 18. Nh2 Bxb1 19. Rxb1 bxa4 {0-1 Shirov,A (2660)-Caruana,F (2805) Titled Tuesday intern op 11th Jun Late blitz 2024 (6)}) 13. d5 $1 $14 {[%emt 0:00:58] aiming for Bxb6.} Bxe3 14. Rxe3 {[%emt 0:00:26] A sharp opening. White is slightly better.} Nxf2 15. Kxf2 Ne7 16. Kg1 (16. Re1 $16) 16... Ng6 (16... bxa4 $1 $11 17. Rxa4 c6) 17. Nbd2 Nf4 18. Nf1 $1 Qf6 19. N3h2 Rac8 20. axb5 axb5 21. Ra7 Ba8 22. Rg3 Qh4 23. Rg4 Qe7 24. Ne3 f5 {[%emt 0:01:54] [#]} 25. Rg3 (25. Rxf4 $1 $16 exf4 26. Nc2) 25... Qh4 (25... e4 $14) 26. Nhf1 $16 Nh5 27. Rg6 Nf4 $2 {[%emt 0:01:03][%mdl 8192] [#] A mistake that costs the game.} (27... Kh7 $16 {is more resistant.} 28. Re6 Kh8) 28. g3 $1 $18 {[%emt 0:02:59] White is clearly winning.} ({Less strong is} 28. Rg3 Nh5 29. Rg6 Kh7 $16) 28... Nxh3+ 29. Kh2 Qe4 {[%emt 0:04:42] White must now prevent ...Nf2.} 30. Bc2 Nf2 31. Bxe4 Nxd1 32. Bxf5 Nxe3 33. Nxe3 Rce8 34. Rxc7 Rf7 35. Be6 Rxe6 36. Rc8+ Kh7 37. Rxe6 Rf2+ 38. Kg1 Re2 39. Rxa8 Rxe3 40. Kf2 {[%emt 0:00:25] Weighted Error Value: White=0.13 (very precise) /Black=0.70  Loses game:     	---       	Black=1      Mistake:       	White=2     	Black=3      Inaccurate:     	White=2     	Black=4      OK:         	White=5     	Black=4      Best:        	White=1     	---        Strong:       	White=3     	---} 1-0